 Dungeon Crawl Stone Soup version 0.21-a0-404-g291f19a (webtiles) character file.

187 KristoblXynda the Insei (level 5, 0/33 HPs)
             Began as an Octopode Transmuter on Oct 26, 2017.
             Slain by a worm (9 damage)
             ... on level 3 of the Dungeon.
             The game lasted 00:04:16 (2817 turns).

KristoblXynda the Insei (Octopode Transmuter)       Turns: 2817, Time: 00:04:16

Health: 0/33       AC:  2    Str: 11    XL:     5   Next: 66%
Magic:  6/8        EV: 19    Int: 15    God:
Gold:   106        SH:  0    Dex: 17    Spells: 4/8 levels left

rFire    . . .     SeeInvis .     - Unarmed
rCold    . . .     Gourm    .   (shield currently unavailable)
rNeg     . . .     Faith    .   (helmet currently unavailable)
rPois    x         Spirit   .   (no amulet)
rElec    .         Reflect  .   (no ring)
rCorr    .         Harm     .   (no ring)
MR       .....                  (no ring)
Stlth    ++........             (no ring)
HPRegen  0.11/turn              (no ring)
MPRegen  0.11/turn              (no ring)
                                (no ring)
                                (no ring)

@: spider-form (expiring)
A: almost no armour, stealthy swim, (amphibious), 8 rings, (constrict 8)
a: End Transformation


You were on level 3 of the Dungeon.
You were not hungry.
You were a venomous arachnid creature.
You visited 1 branch of the dungeon, and saw 3 of its levels.

You collected 106 gold pieces.

Inventory:

Missiles
 g - 8 tomahawks of dispersal (quivered)
 j - 7 javelins
Scrolls
 a - a scroll of noise {unknown}
 d - a scroll of fear {unknown}
 f - 4 scrolls of teleportation {unknown}
 h - 2 scrolls of remove curse {unknown}
 i - a scroll of amnesia {unknown}
 k - a scroll of identify
 m - a scroll of enchant weapon {unknown}
 p - a scroll of immolation {unknown}
Potions
 e - 3 potions of curing
Books
 b - a book of Changes

   Spells                             Type                      Level
   a - Beastly Appendage              Transmutation                1
   b - Sticks to Snakes               Transmutation                2
   c - Spider Form                    Transmutation/Poison         3
   d - Ice Form                       Ice/Transmutation            4
   e - Blade Hands                    Transmutation                5
Comestibles
 c - 4 bread rations
 l - a meat ration
 n - a fruit
 o - 2 chunks of flesh


   Skills:
 - Level 1.0 Fighting
 - Level 2.0 Dodging
 * Level 5.3 Unarmed Combat
 - Level 2.0 Spellcasting
 + Level 3.6 Transmutations


You had 4 spell levels left.
You knew the following spells:

 Your Spells              Type           Power        Failure   Level  Hunger
a - Beastly Appendage     Tmut           ##....       14%         1    #......
b - Spider Form           Tmut/Pois      #.........   54%         3    ###....


Dungeon Overview and Level Annotations

Branches:
Dungeon (3/15)

Altars:


Innate Abilities, Weirdness & Mutations

You cannot wear most types of armour.
You are very stealthy in the water. (Stealth+)
((You are amphibious.))
You can wear up to eight rings at the same time.
((You can use your tentacles to constrict eight enemies at once.))
((Your skin changes colour to match your surroundings (Stealth+).))
((Your rubbery body absorbs attacks. (AC +1, EV +1)))


Message History

Terence is lightly wounded.
Terence completely misses you.
You barely miss Terence.
Terence is lightly wounded.
You hit Terence.
Terence is poisoned.
Terence is moderately wounded.
Terence barely misses you.
You hit Terence but do no damage.
Terence looks as sick as possible!
Terence is moderately wounded.
Terence barely misses you.
You barely miss Terence.
Terence is severely wounded.
Terence hits you with a trident!
* * * LOW HITPOINT WARNING * * *
You hit Terence.
Terence looks as sick as possible!
Terence is almost dead.
You kill Terence!
Your transformation is almost over.
The worm bites you!
You die...

###### ....# ###
#.... ..# #.#.###.#
# #....##.#######
#.#.#.†..sw..=...
#?#.#.###.##.....
#.....###.# ...
########.......# .
#......#.########
#.####.#........####
#)...............#
#.##.#...........#
.. #.<...........#


You could see a worm.

Vanquished Creatures
  An orc priest (D:3)
  Terence (D:3)
  An orc wizard (D:3)
  4 adders
  An ooze (D:2)
  A worm (D:2)
  3 leopard geckos
  2 orcs (D:3)
  6 bats (D:1)
  A giant cockroach (D:1)
  3 hobgoblins
  12 jackals
  7 kobolds
  5 frilled lizards
  8 goblins
  4 rats
60 creatures vanquished.

Notes
Turn   | Place    | Note
-------+----------+-------------------------------------------
     0 | D:1      | KristoblXynda the Octopode Transmuter began the quest for the Orb.
     0 | D:1      | Reached XP level 1. HP: 13/13 MP: 3/3
   318 | D:1      | Reached XP level 2. HP: 17/18 MP: 5/5
   983 | D:1      | Reached XP level 3. HP: 14/23 MP: 6/6
  1440 | D:1      | Reached skill level 4 in Unarmed Combat
  1485 | D:2      | Learned a level 3 spell: Spider Form
  1861 | D:2      | Found a faded altar of an unknown god.
  1871 | D:2      | Reached XP level 4. HP: 17/28 MP: 5/7
  2512 | D:3      | Reached XP level 5. HP: 11/33 MP: 4/8
  2737 | D:3      | Reached skill level 5 in Unarmed Combat
  2802 | D:3      | Noticed Terence
  2815 | D:3      | Killed Terence
  2817 | D:3      | Slain by a worm

Vault maps used:
D:1:      saegor_arrival_simple_b, nrook_loot_triangle
D:2:      chequers_ecumenical_altar_simple
D:3:      led_sif_pool, uniq_terence, uniq_sigmund

Skill      XL: |  1  2  3  4  5 |
---------------+----------------+-----
Unarmed Combat | 4 5 |  5.3
Transmutations | 3 |  3.6
Fighting       | |  1.0
Dodging        | |  2.0
Spellcasting   | |  2.0

Action                   |  1- 3 |  4- 6 || total
-------------------------+-------+-------++-------
Melee: Unarmed           |    95 |    52 ||   147
       Constrict         |    22 |     8 ||    30
       Tentacles         |    13 |     6 ||    19
       Kick              |     3 |     1 ||     4
       Punch             |       |     3 ||     3
 Cast: Beastly Appendage |     3 |     1 ||     4
       Spider Form       |       |     3 ||     3
  Use: Scroll            |       |     2 ||     2
 Stab: Sleeping          |     2 |     2 ||     4
  Eat: Chunk             |     3 |     3 ||     6
Armor: Skin              |    12 |       ||    12
Dodge: Dodged            |    62 |    34 ||    96

Table legend:
 A = Spawn XP
 B = Non-spawn XP
 C = Spawn XP percentage of total XP
 D = Spawn monster count
 E = Non-spawn monster count
 F = Spawn count percentage of total count
 G = Total turns spent on level
                    A         B        C        D         E        F      G
               +---------+---------+-------+---------+---------+-------+---------
         Total |       0 |     268 |   0.0 |       0 |      60 |   0.0 |  2817
               +---------+---------+-------+---------+---------+-------+---------
           D:1 |       0 |      52 |   0.0 |       0 |      31 |   0.0 |  1476
           D:2 |       0 |      76 |   0.0 |       0 |      19 |   0.0 |   991
           D:3 |       0 |     140 |   0.0 |       0 |      10 |   0.0 |   350
               +---------+---------+-------+---------+---------+-------+---------
